 Dungeon Crawl Stone Soup version 0.19-a0-526-gbe2e51c (webtiles) character file.

53 tyrsky the Insei (level 3, 0/23 HPs)
             Began as an Octopode Transmuter on June 7, 2016.
             Succumbed to an adder's poison
             ... on level 2 of the Dungeon.
             The game lasted 00:02:28 (970 turns).

tyrsky the Insei (Octopode Transmuter)               Turns: 970, Time: 00:02:29

Health: 0/23       AC:  1    Str: 10    XL:     3   Next: 89%
Magic:  6/6        EV: 12    Int: 15    God:
Gold:   54         SH:  0    Dex: 12    Spells: 1 memorised, 5 levels left

rFire  . . .     SeeInvis .       - Unarmed
rCold  . . .     Gourm    .     (no shield)
rNeg   . . .     Faith    .     (helmet restricted)
rPois  .         Spirit   .     (no amulet)
rElec  .         Dismiss  .     (no ring)
rCorr  .         Reflect  .     (no ring)
SustAt .         Harm     .     (no ring)
MR     .....                    (no ring)
Stlth  ++........               (no ring)
                                (no ring)
                                (no ring)
                                (no ring)

@: lethally poisoned (0 -> -11), appendage (expiring), not resistant to hostile
enchantments, unstealthy
A: almost no armour, amphibious, 8 rings, constrict 8, tentacle spike 3,
camouflage 1, gelatinous body 1
a: End Transformation


You were on level 2 of the Dungeon.
You were not hungry.
One of your tentacles had a temporary spike.
You visited 1 branch of the dungeon, and saw 2 of its levels.

You collected 54 gold pieces.

Inventory:

Missiles
 a - 12 arrows
Scrolls
 e - a scroll of recharging {unknown}
 g - a scroll of teleportation {unknown}
 i - 2 scrolls of remove curse {unknown}
Books
 b - a book of Changes

   Spells                             Type                      Level
   a - Beastly Appendage              Transmutation                1
   b - Sticks to Snakes               Transmutation                2
   c - Spider Form                    Transmutation/Poison         3
   d - Ice Form                       Ice/Transmutation            4
   e - Blade Hands                    Transmutation                5
Comestibles
 c - 2 bread rations
 d - a fruit
 f - a meat ration
 j - 4 slices of pizza


   Skills:
 - Level 1.0 Fighting
 - Level 2.0 Dodging
 + Level 3.9 Unarmed Combat
 - Level 2.0 Spellcasting
 + Level 3.1 Transmutations


You had 5 spell levels left.
You knew the following spells:

 Your Spells              Type           Power        Failure   Level  Hunger
a - Beastly Appendage     Tmut           ##....       8%          1    #......


Dungeon Overview and Level Annotations

Branches:
Dungeon (2/15)

Altars:


Innate Abilities, Weirdness & Mutations

You cannot wear most types of armour.
You are amphibious.
You can wear up to eight rings at the same time.
You can use your tentacles to constrict eight enemies at once.
Your skin changes colour to match your surroundings (Stealth+).
Your rubbery body absorbs attacks. (AC +1)
One of your tentacles bears a large vicious spike.


Message History

You are too injured to fight recklessly!
You aren't carrying any potions.
You are too injured to fight recklessly!
You tentacle-slap the adder but do no damage.
Your grab misses the adder.
You pierce the adder.
The adder is heavily wounded.
* * * LOW HITPOINT WARNING * * *
You feel sick. The adder closely misses you. x2
You barely miss the adder. You grab the adder.
The adder is heavily wounded.
You constrict the adder, but do no damage.
* * * LOW HITPOINT WARNING * * *
You feel sick. The adder bites you.
* * * LOW HITPOINT WARNING * * *
You tentacle-slap the adder.
You pierce the adder, but do no damage.
The adder is almost dead.
You constrict the adder. The adder barely misses you.
You tentacle-slap the adder.
You kill the adder!
You die...

.............#
.............###.
.................
...####.######.
... #.## ## #..#
##.## ##+## #..#
....# ##x# ....#
#†##....#
#Sg#.S..#
##.#....#
#......# ##.....#
#..#+## ##.# ..


You could see an adder and a goblin.

Vanquished Creatures
  A gnoll (D:2)
  3 adders (D:2)
  A giant gecko (D:1)
  3 bats (D:1)
  3 giant cockroaches
  3 hobgoblins
  2 kobolds
  A rat (D:1)
17 creatures vanquished.

Vanquished Creatures (others)
  A minotaur (D:1)
  A draconian (D:1)
  An octopode (D:1)
  A spriggan (D:1)
  2 humans (D:1)
  A naga (D:1)
  A dwarf (D:1)
  An ogre (D:1)
  3 centaurs (D:1)
  4 tentacles (D:1)
  56 tentacle segments (D:1)
72 creatures vanquished.

Grand Total: 89 creatures vanquished

Notes
Turn   | Place    | Note
--------------------------------------------------------------
     0 | D:1      | tyrsky the Octopode Transmuter began the quest for the Orb.
     0 | D:1      | Reached XP level 1. HP: 13/13 MP: 3/3
     0 | D:1      | Noticed an ogre
     0 | D:1      | Noticed a centaur
     0 | D:1      | Noticed a centaur
     0 | D:1      | Noticed a centaur
     0 | D:1      | Noticed a minotaur
     0 | D:1      | Noticed a spriggan
     0 | D:1      | Noticed a kraken
     0 | D:1      | Noticed a dwarf
     0 | D:1      | Noticed a human
     0 | D:1      | Noticed a naga
     0 | D:1      | Noticed a human
     0 | D:1      | Noticed an octopode
     0 | D:1      | Noticed a draconian
     4 | D:1      | Killed a centaur
     5 | D:1      | Killed an ogre
     5 | D:1      | Killed a spriggan
     6 | D:1      | Killed a centaur
     7 | D:1      | Killed a centaur
     8 | D:1      | Killed a minotaur
     8 | D:1      | Killed a naga
     9 | D:1      | Killed a dwarf
    10 | D:1      | Killed a draconian
    11 | D:1      | Killed an octopode
    12 | D:1      | Killed a human
    13 | D:1      | Killed a human
   231 | D:1      | Reached XP level 2. HP: 18/18 MP: 3/5
   520 | D:2      | Reached XP level 3. HP: 21/23 MP: 4/6
   968 | D:2      | HP: 1/23 [adder (4)]
   970 | D:2      | Succumbed to an adder's poison

Vault maps used:
D:1:      nicolae_arrival_kraken_aquarium_a
D:2:      serial_corexii_hall, corexii_hall_statues_l, corexii_hall_statues_i,
          kennysheep_nondescript, uniq_jessica

Skill      XL: |  1  2  3 |
---------------+----------+-----
Transmutations | 3 |  3.1
Fighting       | |  1.0
Dodging        | |  2.0
Unarmed Combat | |  3.9
Spellcasting   | |  2.0

Action                   || total
-------------------------++-------
Melee: Unarmed           ||    37
       Constrict         ||    10
       Tentacles         ||     9
       Kick              ||     8
       Punch             ||     1
 Cast: Beastly Appendage ||     9
  Use: Potion            ||     2
 Stab: Sleeping          ||     3
Armor: Skin              ||     8
Dodge: Dodged            ||    22
